 Dungeon Crawl Stone Soup version 0.15.0-12-gccce430 (webtiles) character file.

240485 Kashira the Bewitcher (level 19, -24/160 (165) HPs)
             Began as a Naga Enchanter on Aug 31, 2014.
             Was the Champion of Qazlal.
             Killed from afar by a crystal guardian (33 damage)
             ... with a crystal bolt
             ... on Level 2 of the Elven Halls on Sept 1, 2014.
             The game lasted 09:12:21 (53193 turns).

Kashira the Bewitcher (Naga Enchanter)             Turns: 53193, Time: 09:12:21

HP -24/160 (165) AC 44     Str 10      XL: 19   Next: 33%
MP  40/40        EV 15     Int 16      God: Qazlal [******]
Gold 2225        SH  8     Dex 16      Spells: 10 memorised, 16 levels left

rFire  + . .     SeeInvis +     y - +5 lajatang (protect)
rCold  x . .     Rnd*Rage +     q - +0 swamp dragon armour
rNeg   + . .     rCorr    .     (no shield)
rPois  +         rRot     .     h - +2 helmet
rElec  +         Spirit   .     l - +3 cloak of Flash {+Fly EV+4}
SustAb .         Warding  .     e - +2 pair of gloves
rMut   .         Stasis   .     M - +0 naga barding (curse)
Gourm  .                        I - amulet "Norougim" {Faith Str+2 Dex+3}
MR     ++...                    n - ring of Robustness {AC+8}
                                b - ring "Kluytura" {+Blink rElec rF+ rC- rN+ Str-1}

@: protected from physical damage, very slightly contaminated, repel missiles,
invisible, very slow, very resistant to hostile enchantments, very unstealthy
A: spit poison, constrict 1, see invisible, berserk 1, clumsy 2, deformed body,
poison resistance, screaming 1, slowness 2, weak 2, AC +6
a: Spit Poison, Upheaval, Elemental Force, Disaster Area, Renounce Religion,
Evoke Blink, Evoke Flight
}: 2/15 runes: decaying, serpentine


You were on level 2 of the Elven Halls.
You worshipped Qazlal.
Qazlal was exalted by your worship.
You were not hungry.

You visited 7 branches of the dungeon, and saw 40 of its levels.
You also visited: Ossuary and Volcano.

You collected 4401 gold pieces.
You spent 2176 gold pieces at shops.

Inventory:

Hand weapons
 x - a +0 dagger
 y - a +5 lajatang of protection (weapon)
Missiles
 d - 9 tomahawks (quivered)
Armour
 e - a +2 pair of gloves (worn)
 h - a +2 helmet (worn)
 l - the +3 cloak of Flash (worn) {+Fly EV+4}
   (You found it on level 1 of the Swamp)

   It affects your evasion (+4).
   It lets you fly.
 q - a +0 swamp dragon armour (worn)
 M - a cursed +0 naga barding (worn)
Magical devices
 c - a wand of lightning (6)
 m - a wand of fire (6)
 w - a wand of heal wounds (0)
 z - a wand of disintegration (4)
 D - a wand of disintegration (8)
 E - a wand of digging (1)
 N - a wand of digging (20)
Comestibles
 p - 17 meat rations
Scrolls
 g - 6 scrolls of fog
 i - 2 scrolls of fear
 o - 4 scrolls of teleportation
 r - 4 scrolls of magic mapping
 B - 2 scrolls of recharging
 C - a scroll of torment {unknown}
 P - 2 scrolls of remove curse
 R - a scroll of vulnerability
 U - 11 scrolls of identify
 Z - 2 scrolls of blinking
Jewellery
 b - the ring "Kluytura" (left hand) {+Blink rElec rF+ rC- rN+ Str-1}
   (You found it on level 4 of the Dungeon)

   [ring of protection from fire]

   It affects your strength (-1).
   It protects you from fire.
   It makes you vulnerable to cold.
   It insulates you from electricity.
   It protects you from negative energy.
   It lets you blink.
 n - the ring of Robustness (right hand) {AC+8}
   (You bought it in a shop on level 4 of the Orcish Mines)

   [ring of protection]

   It affects your AC (+8).
 I - the amulet "Norougim" (around neck) {Faith Str+2 Dex+3}
   (You found it on level 2 of the Swamp)

   [amulet of faith]

   It allows you to gain divine favour quickly.
   It affects your strength (+2).
   It affects your dexterity (+3).
Potions
 s - 11 potions of curing
 t - a potion of flight
 u - 2 potions of agility
 A - 3 potions of might
 F - a potion of berserk rage
 G - 2 potions of magic
 H - a potion of brilliance
 J - 4 potions of haste
Books
 v - the Compendium of Confrontation
   (You found it on level 1 of the Elven Halls)

   Spells                             Type                      Level
   Shock                              Conjuration/Air              1
   Magic Dart                         Conjuration                  1
   *Dazzling Spray                    Conjuration/Hexes            3
   Iskenderun's Mystic Blast          Conjuration                  4
   Iron Shot                          Conjuration/Earth            6
 L - a book of Spatial Translocations

   Spells                             Type                      Level
   Apportation                        Translocation                1
   Blink                              Translocation                2
   Shroud of Golubria                 Charms/Translocation         2
   Portal Projectile                  Translocation                3
   Teleport Other                     Translocation                3
   Passage of Golubria                Translocation                4
 T - a book of the Sky

   Spells                             Type                      Level
   Flight                             Charms/Air                   3
   Airstrike                          Air                          4
   Silence                            Hexes/Air                    5
   Deflect Missiles                   Charms/Air                   6
   Conjure Ball Lightning             Conjuration/Air              6
   Tornado                            Air                          9
 W - a book of Alchemy

   Spells                             Type                      Level
   Sublimation of Blood               Necromancy                   2
   Alistair's Intoxication            Transmutation/Poison         4
   Condensation Shield                Ice                          4
   Petrify                            Transmutation/Earth          4
   Ignite Poison                      Fire/Transmutation           5
 X - a book of Burglary

   Spells                             Type                      Level
   *Swiftness                         Charms/Air                   2
   Passwall                           Transmutation/Earth          3
   Passage of Golubria                Translocation                4
   Lee's Rapid Deconstruction         Earth                        5
   *Invisibility                      Hexes                        6
   Darkness                           Hexes                        7
Miscellaneous
 a - a disc of storms
 f - a fan of gales (inert)
 j - a box of beasts
Rods
 O - a +0 lightning rod (10/10)
   (You found it on level 2 of the Elven Halls)


   Skills:
 + Level 9.2 Fighting
 + Level 6.7 Short Blades
 + Level 8.4 Staves
 + Level 3.4 Throwing
 + Level 6.7 Armour
 + Level 10.5 Dodging
 - Level 10.7 Stealth
   Level 0.7 Shields
 + Level 16.8 Spellcasting
 + Level 6.6 Conjurations
 + Level 17.4 Hexes
   Level 0.2 Summonings
 + Level 1.9 Fire Magic
 + Level 0.8 Earth Magic
 + Level 0.3 Poison Magic
 + Level 3.8 Invocations
 + Level 5.0 Evocations


You had 16 spell levels left.
You knew the following spells:

 Your Spells              Type           Power        Failure   Level  Hunger
a - Olgreb's Toxic Radia  Pois           ##......     63%         4    None
b - Confuse               Hex            ######..     0%          3    None
c - Dazzling Spray        Conj/Hex       ######..     1%          3    None
d - Enslavement           Hex            ######..     1%          4    None
e - Leda's Liquefaction   Hex/Erth       #####.....   1%          4    None
f - Cause Fear            Hex            ######....   1%          4    None
g - Invisibility          Hex            ######..     1%          6    #####..
h - Flame Tongue          Conj/Fire      ####.        1%          1    None
i - Sticky Flame          Conj/Fire      ####....     12%         4    None
j - Swiftness             Chrm/Air       ##......     12%         2    None


Dungeon Overview and Level Annotations

Branches:
Dungeon (14/15)            Temple (1/1) D:5             Orc (4/4) D:9
    Elf (3/3) Orc:4          Lair (8/8) D:10          Swamp (5/5) Lair:4
  Snake (5/5) Lair:5        Slime (0/6) Lair:7
 Vaults: D:13-14

Altars:
Cheibriados
Elyvilon
Kikubaaqudgha
Nemelex Xobeh
Qazlal
Sif Muna
Trog
Vehumet
Xom
Zin
The Shining One

Shops:
D:5 [(([   Orc:4 =*[(   Elf:1 [   Snake:1 [

Annotations:
Elf:3 Nikola
Lair:3 exclusion: oklob plant


Innate Abilities, Weirdness & Mutations

You cannot wear boots.
You can spit poison.
You can use your snake-like lower body to constrict enemies.
Your serpentine skin is tough (AC +6).
You have supernaturally acute eyesight.
Armour fits poorly on your strangely shaped body.
Your system is resistant to poisons.
You cover ground very slowly.
You tend to lose your temper in combat.
You are very clumsy. (Dex -4)
You occasionally shout uncontrollably at your foes.
You are very weak. (Str -4)


Message History

The crystal guardian is moderately damaged.
You constrict the crystal guardian, but do no damage.
The crystal guardian fires a crystalline bolt at you.
The crystal bolt freezes you!
You feel a terrible chill! The crystal bolt freezes you!
You feel a terrible chill!
The crystal bolt freezes the crystal guardian.
The crystal guardian completely resists.
Drink which item? (? for menu, Esc to quit)
Okay, then.
Drink which item? (? for menu, Esc to quit)
Okay, then.
Use which ability? (? or * to list)
You blink.
You lose your grip on the crystal guardian.
You feel slightly more hungry.
The crystal guardian fires a crystalline bolt at you.
The crystal bolt freezes you!
You feel a terrible chill!
* * * LOW HITPOINT WARNING * * *
The crystal bolt freezes you!
You feel a terrible chill!
You die...

..## #...........###.)##.....###
...## #...........# #.§#.......##
....###...........# #.))).......'
.....#...........[####).))......#
.....'..................).......#
.....#.##...........§........P..#
....##.###.#.###.#######.##.###.#
...###.# #...# #># #.......# ##.
..## #.###.#.###@# #.####### ##
.## #.......8...# #.# # .#
#####.####### #.# ####### .###
#.# #.# #...##. ...# #8# #.#
#...#)# ...#######)#
#.#####....## ..........§#
#.##......## .>..########
#........## .).## ####......##


You could see a crystal guardian.

Vanquished Creatures
  Asterion (Elf:2)
  Rupert (Lair:4)
  Agnes (Swamp:2)
  A thorn hunter (Swamp:5)
  Frances (Snake:1)
  4 greater nagas
  Donald (Elf:1)
  2 deep elf sorcerers
  An orc warlord (Orc:3)
  A deep elf demonologist (Elf:2)
  A deep elf annihilator (Elf:2)
  Azrael (Elf:2)
  2 crystal guardians (Elf:3)
  Snorg (Lair:3)
  2 deep elf death magi
  2 large abominations
  Josephine (Swamp:1)
  A deep elf high priest (Elf:2)
  Fannar (Lair:7)
  23 hydras
  14 naga warriors
  4 ice dragons (Swamp:5)
  Nessos (Elf:2)
  7 anacondas
  4 shambling mangroves
  4 alligators
  An orc high priest (Orc:3)
  A deep troll shaman (Lair:8)
  13 death yaks
  2 catoblepae
  16 naga sharpshooters
  Urug (Orc:2)
  5 shock serpents
  A salamander mystic (Snake:5)
  11 deep elf knights
  2 unseen horrors (D:13)
  2 spriggan druids
  13 deep elf summoners
  3 hill giants
  7 naga ritualists
  13 deep elf conjurers
  3 swamp dragons
  7 ugly things
  4 orc knights
  5 orc sorcerers
  2 red wasps
  A cyclops (D:11)
  2 griffons (Lair:3)
  4 guardian serpents
  13 salamanders
  10 mana vipers
  29 naga magi
  12 elephants
  2 mermaids (Lair:5)
  A feature mimic (Lair:5)
  34 black mambas
  31 spiny frogs
  An efreet (D:13)
  8 komodo dragons
  A demonic crawler (Elf:1)
  A red devil (Elf:2)
  4 freezing wraiths (Swamp:5)
  A catoblepas zombie (D:11)
  3 merfolk
  12 giant leeches
  3 polar bears
  8 deep elf priests
  2 fire drakes
  5 trolls
  A jumping spider (Elf:1)
  14 blink frogs
  An alligator zombie (Swamp:1)
  3 boulder beetles
  A two-headed ogre (D:10)
  15 ravens
  6 bog bodies
  2 baby alligators (Swamp:5)
  11 slime creatures
  2 redbacks
  8 spriggans
  A wyvern (D:11)
  41 yaks
  2 basilisks
  28 deep elf magi
  3 shadows
  13 hippogriffs
  28 deep elf fighters
  14 vampire mosquitoes
  A fire bat (Volcano)
  2 fire elementals (Elf:2)
  4 swamp worm simulacra (Swamp:5)
  A golden eye (shapeshifter) (Elf:2)
  2 hill giant skeletons
  A hill giant zombie (D:13)
  A steam dragon (D:7)
  73 nagas
  27 swamp worms
  A tarantella (Elf:2)
  8 wolves
  9 porcupines
  4 wargs
  9 swamp drakes
  A hell hound (Elf:2)
  33 water moccasins
  6 sky beasts
  32 orc warriors
  4 yellow wasps
  16 hydra simulacra (Swamp:5)
  26 ogres
  A red wasp simulacrum (Swamp:1)
  8 centaurs
  8 ice beasts
  2 phantoms
  6 necrophages
  A black bear (shapeshifter) (Elf:1)
  A boring beetle (Lair:7)
  3 black bears
  14 crocodiles
  Sigmund (D:3)
  2 big kobolds
  20 giant frogs
  11 insubstantial wisps
  5 jellies
  A water moccasin zombie (Swamp:1)
  A spiny frog simulacrum (Swamp:1)
  5 scorpions
  A gnoll sergeant (D:3)
  A troll zombie (D:12)
  An eye of draining (D:13)
  8 killer bees
  A wight (D:7)
  2 lava snakes (Volcano)
  7 crimson imps
  2 giant frog zombies (D:10)
  An elf zombie (Elf:2)
  2 gnoll shamans (D:3)
  18 hounds
  Crazy Yiuf (D:5)
  22 orc priests
  24 orc wizards
  3 orange rats
  20 sheep
  12 worker ants
  13 iguanas
  A killer bee zombie (D:10)
  Ijyb (D:4)
  A hound zombie (D:9)
  8 mummies (Ossuary)
  40 gnolls
  77 green rats
  A swamp drake skeleton (Swamp:1)
  A giant mite (D:4)
  29 adders
  An inept item mimic (D:5)
  A worm (D:2)
  A shadow imp (D:10)
  A goliath beetle zombie (D:5)
  4 swamp drake simulacra (Swamp:5)
  An iguana skeleton (D:8)
  5 giant geckos
  144 orcs
  5 giant cockroaches
  3 gnoll zombies (Ossuary)
  16 hobgoblins
  20 jackals
  14 quokkas
  17 bats
  12 giant newts
  4 giant spores
  19 goblins
  2 goblin skeletons
  3 hobgoblin zombies
  45 kobolds
  2 kobold zombies
  4 orc zombies
  17 rats
  2 rat skeletons (D:8)
  17 ballistomycetes
  2 bushes
  A butterfly (Lair:3)
  2 crawling corpses (Elf:2)
  82 fungi
  37 plants
1710 creatures vanquished.

Vanquished Creatures (collateral kills)
  5 death yaks
  A naga sharpshooter (Snake:5)
  A deep elf knight (Elf:1)
  2 naga ritualists (Snake:5)
  2 swamp dragons (Swamp:3)
  A mana viper (Snake:5)
  A deep elf priest (Elf:1)
  2 deep elf fighters (Elf:3)
  A deep elf mage (Elf:3)
  A fire elemental (Elf:2)
  3 nagas (Snake:5)
  A hell hound (Elf:2)
  2 water moccasins (Swamp:3)
  An insubstantial wisp (Swamp:2)
  2 scorpions (D:4)
  3 wights (D:6)
  A lava snake (Volcano)
  An adder (D:4)
  2 giant mites (D:4)
  An adder skeleton (D:5)
  An orc (D:4)
  2 bats (D:4)
  A gnoll zombie (Ossuary)
  A goblin (D:4)
  A hobgoblin (D:4)
  2 giant newts (D:4)
  3 kobolds (D:6)
  An orc zombie (Ossuary)
46 creatures vanquished.

Vanquished Creatures (others)
  An anaconda (Snake:5)
  A hydra (Lair:5)
  2 deep elf knights
  A naga ritualist (Snake:5)
  2 deep elf conjurers
  A black mamba (Snake:5)
  A guardian serpent (Snake:5)
  A mana viper (Lair:8)
  An air elemental (Elf:2)
  A jumping spider (Elf:1)
  A bog body (Swamp:5)
  A redback (Elf:1)
  5 deep elf magi
  3 swamp worms
  4 deep elf fighters
  A naga (Snake:5)
  5 lost souls
  A giant frog (Lair:7)
  A scorpion (D:4)
  An orange rat (Elf:1)
  An orc (D:11)
  A giant spore (D:7)
  12 fungi
  2 plants
51 creatures vanquished.

Grand Total: 1807 creatures vanquished

Notes
Turn   | Place    | Note
--------------------------------------------------------------
     0 | D:1      | Kashira, the Naga Enchanter, began the quest for the Orb.
     0 | D:1      | Reached XP level 1. HP: 15/15 MP: 3/3
   338 | D:1      | Reached XP level 2. HP: 10/22 MP: 1/4
  1029 | D:1      | Reached XP level 3. HP: 28/28 MP: 6/6
  1043 | D:1      | Learned a level 3 spell: Confuse
  1818 | D:2      | Reached XP level 4. HP: 36/36 MP: 2/8
  1824 | D:2      | Learned a level 3 spell: Dazzling Spray
  1905 | D:2      | Reached skill level 5 in Stealth
  2312 | D:3      | Found a shimmering altar of Xom.
  2563 | D:3      | Reached XP level 5. HP: 25/42 MP: 6/11
  3609 | D:3      | Reached XP level 6. HP: 37/50 MP: 4/13
  3615 | D:3      | Learned a level 4 spell: Enslavement
  3811 | D:3      | Reached skill level 1 in Armour
  4851 | D:3      | Reached XP level 7. HP: 43/56 MP: 3/17
  4992 | D:3      | Noticed Sigmund
  5416 | D:3      | Reached skill level 5 in Hexes
  5562 | D:3      | Noticed a gnoll sergeant
  5586 | D:3      | Killed a gnoll sergeant
  5769 | D:3      | Killed Sigmund
  6028 | D:4      | Reached skill level 1 in Conjurations
  6028 | D:4      | Reached XP level 8. HP: 47/63 MP: 10/19
  6044 | D:4      | Reached skill level 5 in Spellcasting
  6061 | D:4      | Noticed Ijyb
  6093 | D:4      | Found a sand-covered staircase.
  6195 | Ossuary  | Entered an ossuary
  6262 | Ossuary  | Reached skill level 8 in Stealth
  6262 | Ossuary  | Reached XP level 9. HP: 8/76 MP: 1/22
  6824 | D:4      | Got a shimmering turquoise ring
  6848 | D:4      | Killed Ijyb
  7610 | D:5      | Entered Level 5 of the Dungeon
  7880 | D:5      | Found Smuceufa's Antique Weapon Shoppe.
  7927 | D:5      | Found Treojefu's Antique Armour Shoppe.
  7951 | D:5      | Identified the ring "Kluytura" {+Blink rElec rF+ rC- rN+ Str-1} (You found it on level 4 of the Dungeon)
  8066 | D:5      | Found a staircase to the Ecumenical Temple.
  8085 | Temple   | Entered the Ecumenical Temple
  8154 | Temple   | Became a worshipper of Qazlal Stormbringer
  8339 | D:5      | Noticed Crazy Yiuf
  8347 | D:5      | Killed Crazy Yiuf
  8372 | D:5      | Found Frocrasm's Weapon Emporium.
  8666 | D:5      | Found Mnorouze's Antique Armour Shoppe.
  8897 | D:6      | Acquired Qazlal's first power
  9039 | D:6      | Found a glowing golden altar of the Shining One.
  9172 | D:6      | Got a warped short sword
  9449 | D:6      | Found a white marble altar of Elyvilon.
  9452 | D:6      | Found a snail-covered altar of Cheibriados.
  9626 | D:6      | Reached XP level 10. HP: 67/85 MP: 5/24
  9828 | D:7      | Reached skill level 5 in Dodging
 10149 | D:7      | Acquired Qazlal's second power
 10466 | D:7      | Reached skill level 9 in Stealth
 11384 | D:8      | Found a radiant altar of Vehumet.
 12443 | D:9      | Found a staircase to the Orcish Mines.
 12471 | D:10     | Entered Level 10 of the Dungeon
 12826 | D:9      | Acquired Qazlal's third power
 13012 | D:9      | Gained mutation: Your mind is acute. (Int +2) [helix card]
 13694 | D:9      | Reached XP level 11. HP: 92/92 MP: 18/27
 13884 | D:10     | Noticed a hill giant
 14072 | D:10     | Noticed a hill giant
 14110 | D:10     | Killed a hill giant
 14130 | D:10     | Killed a hill giant
 14378 | D:10     | Reached skill level 10 in Stealth
 14424 | D:10     | Found a staircase to the Lair.
 14514 | Lair:1   | Entered Level 1 of the Lair of Beasts
 14856 | Lair:1   | Found a dark tunnel.
 14865 | Volcano  | Entered a volcano
 15165 | Volcano  | Found a burning altar of Makhleb.
 15169 | Volcano  | Acquired Qazlal's fourth power
 17025 | Lair:2   | Reached XP level 12. HP: 100/100 MP: 24/29
 17242 | Lair:2   | Acquired Qazlal's fifth power
 17448 | Lair:3   | Reached skill level 10 in Hexes
 17579 | Lair:3   | Noticed Snorg
 17594 | Lair:3   | Killed Snorg
 18352 | Lair:2   | Gained mutation: You have a pair of small horns on your head. [potion of beneficial mutation]
 18432 | Orc:1    | Entered Level 1 of the Orcish Mines
 19002 | Orc:1    | Reached skill level 5 in Short Blades
 19445 | Orc:3    | Found a bloodstained altar of Trog.
 19496 | Orc:3    | Reached skill level 10 in Spellcasting
 19585 | Orc:4    | Entered Level 4 of the Orcish Mines
 19642 | Orc:4    | Noticed an orc warlord
 19985 | Orc:3    | Killed an orc warlord
 19985 | Orc:3    | Reached skill level 5 in Conjurations
 19985 | Orc:3    | Reached skill level 11 in Hexes
 20170 | Orc:4    | Noticed an orc high priest
 20258 | Orc:3    | Killed an orc high priest
 20258 | Orc:3    | Reached XP level 13. HP: 90/108 MP: 25/31
 20419 | Orc:4    | Found a bloodstained altar of Trog.
 20462 | Orc:4    | Found Izxemiuf's Jewellery Shoppe.
 20536 | Orc:4    | Reached skill level 5 in Armour
 20693 | Orc:4    | Found Equpaic's General Store.
 20697 | Orc:4    | Found a staircase to the Elven Halls.
 20724 | Orc:4    | Found Oleima's Antique Weapon Shop.
 20877 | Orc:4    | Found Chuonaxu's Antique Armour Shoppe.
 21365 | Orc:2    | Noticed Urug
 21382 | Orc:2    | Killed Urug
 21756 | Orc:4    | Bought the ring of Robustness {AC+8} for 2176 gold pieces
 21859 | D:10     | Learned a level 4 spell: Olgreb's Toxic Radiance
 21955 | D:10     | Found a sparkling altar of Nemelex Xobeh.
 22065 | D:10     | Reached skill level 5 in Fighting
 23080 | D:11     | Found a glowing golden altar of the Shining One.
 23294 | D:12     | Reached skill level 12 in Hexes
 24406 | D:13     | Learned a level 4 spell: Leda's Liquefaction
 24411 | D:13     | Learned a level 4 spell: Cause Fear
 26021 | Lair:4   | Noticed Rupert
 26058 | Lair:4   | Killed Rupert
 26058 | Lair:4   | Reached XP level 14. HP: 112/112 MP: 17/33
 26556 | Lair:4   | Found a staircase to the Swamp.
 26984 | Lair:5   | Found a staircase to the Snake Pit.
 27075 | Lair:5   | Reached skill level 13 in Hexes
 27377 | Lair:5   | Found a staircase to the Shoals.
 27609 | Lair:5   | the staircase to the Shoals was a mimic.
 29531 | Lair:7   | Noticed an acid blob
 29550 | Lair:7   | Noticed Fannar
 29556 | Lair:7   | Found a staircase to the Slime Pits.
 29556 | Lair:7   | Noticed an acid blob
 29582 | Lair:7   | Killed Fannar
 29582 | Lair:7   | Reached XP level 15. HP: 121/121 MP: 14/35
 29588 | Lair:7   | Identified a scroll of acquirement
 29597 | Lair:7   | Learned a level 6 spell: Invisibility
 29853 | Lair:7   | Reached skill level 14 in Hexes
 30622 | Lair:2   | Learned a level 5 spell: Summon Mana Viper
 30653 | Lair:2   | Lost mutation: You have a pair of small horns on your head. [potion of cure mutation]
 30653 | Lair:2   | Lost mutation: Your mind is acute. (Int +2) [potion of cure mutation]
 30896 | Lair:8   | Entered Level 8 of the Lair of Beasts
 32163 | Lair:8   | Identified Vehumet's Grimoire of Confrontation and the Blaze
 32179 | Lair:8   | Learned a level 4 spell: Sticky Flame
 32367 | Swamp:1  | Entered Level 1 of the Swamp
 32678 | Swamp:1  | Noticed Josephine
 32690 | Swamp:1  | Killed Josephine
 33254 | Swamp:1  | Upgraded the game from 0.15.0-11-g6f4f891 to 0.15.0-12-gccce430
 33479 | Swamp:2  | Noticed Agnes
 33501 | Swamp:2  | Killed Agnes
 33759 | Swamp:2  | Got a glittering sapphire amulet
 33774 | Swamp:2  | Reached XP level 16. HP: 130/130 MP: 33/36
 33939 | Swamp:2  | Reached skill level 15 in Hexes
 34825 | Swamp:2  | You fall through a shaft!
 35417 | Swamp:3  | Identified the amulet "Norougim" {Faith Str+2 Dex+3} (You found it on level 2 of the Swamp)
 35842 | Lair:2   | Learned a level 2 spell: Swiftness
 37048 | Swamp:5  | Entered Level 5 of the Swamp
 37147 | Swamp:5  | Reached skill level 1 in Staves
 37477 | Swamp:5  | Noticed a thorn hunter
 37484 | Swamp:5  | Killed a thorn hunter
 39222 | Swamp:5  | Got a decaying rune of Zot
 39404 | Snake:1  | Entered Level 1 of the Snake Pit
 39497 | Snake:1  | Reached XP level 17. HP: 137/139 MP: 32/38
 39553 | Snake:1  | Noticed Frances
 39568 | Snake:1  | Killed Frances
 39817 | Snake:1  | Reached skill level 15 in Spellcasting
 40257 | Snake:1  | Reached skill level 16 in Hexes
 40542 | Snake:1  | Found Khelistroff's Armour Emporium.
 41338 | Snake:2  | Found a glowing silver altar of Zin.
 44315 | Snake:4  | Reached skill level 5 in Staves
 44911 | Snake:5  | Entered Level 5 of the Snake Pit
 45347 | Snake:5  | Reached XP level 18. HP: 128/149 MP: 34/39
 45770 | Lair:2   | Learned a level 1 spell: Flame Tongue
 47819 | Snake:5  | Got a serpentine rune of Zot
 47949 | Snake:5  | Reached skill level 17 in Hexes
 48235 | Snake:5  | Reached skill level 10 in Dodging
 48750 | Elf:1    | Entered Level 1 of the Elven Halls
 49222 | Orc:4    | Reached skill level 1 in Fire Magic
 49546 | Elf:2    | Noticed Nessos
 50205 | Elf:1    | Identified the Compendium of Confrontation
 50485 | Elf:1    | Noticed Donald
 50506 | Elf:1    | Killed Donald
 50734 | Elf:1    | Found Maf Ihiz's Armour Boutique.
 50801 | Elf:1    | Reached skill level 5 in Evocations
 51218 | Elf:2    | Noticed Azrael
 51236 | Elf:2    | Killed Azrael
 51236 | Elf:2    | Reached XP level 19. HP: 127/160 MP: 38/40
 51385 | Elf:2    | Killed Nessos
 51492 | Elf:2    | Noticed Asterion
 51502 | Elf:2    | Gained mutation: You are weak. (Str -2) [mutagenic glow]
 51540 | Elf:2    | Gained mutation: You tend to lose your temper in combat. [mutagenic glow]
 51826 | Elf:2    | Gained mutation: You occasionally shout uncontrollably at your foes. [mutagenic glow]
 51878 | Elf:2    | Gained mutation: You are very weak. (Str -4) [mutagenic glow]
 52016 | Elf:2    | Killed Asterion
 52067 | Elf:2    | Gained mutation: You are clumsy. (Dex -2) [mutagenic glow]
 52579 | Elf:3    | Entered Level 3 of the Elven Halls
 52589 | Elf:3    | Noticed Nikola
 52736 | Elf:3    | Gained mutation: You are very clumsy. (Dex -4) [mutagenic glow]
 53193 | Elf:2    | Killed from afar by a crystal guardian

Action                   |  1- 3 |  4- 6 |  7- 9 | 10-12 | 13-15 | 16-18 | 19-21 || total
-------------------------+-------+-------+-------+-------+-------+-------+-------++-------
Melee: Dagger            |    73 |   148 |   403 |   770 |  1355 |   221 |       ||  2970
       Lajatang          |       |       |       |       |       |  1335 |   157 ||  1492
Throw: Tomahawk          |     4 |       |     4 |    15 |    14 |       |       ||    37
       Stone             |       |       |       |     5 |       |       |       ||     5
       Throwing net      |       |       |       |     2 |       |       |       ||     2
 Cast: Corona            |    20 |     9 |     1 |       |       |       |       ||    30
       Confuse           |     4 |    38 |    64 |   229 |   391 |   577 |       ||  1303
       Dazzling Spray    |       |     1 |    23 |   132 |   127 |   100 |     3 ||   386
       Enslavement       |       |       |    13 |     5 |    15 |    13 |     1 ||    47
       Cause Fear        |       |       |       |       |     7 |     7 |     2 ||    16
       Leda's Liquefacti |       |       |       |       |     3 |     5 |       ||     8
       Summon Mana Viper |       |       |       |       |     3 |     1 |       ||     4
       Sticky Flame      |       |       |       |       |       |    19 |    26 ||    45
       Invisibility      |       |       |       |       |       |     3 |    15 ||    18
       Swiftness         |       |       |       |       |       |     1 |     1 ||     2
       Olgreb's Toxic Ra |       |       |       |       |       |     1 |       ||     1
       Flame Tongue      |       |       |       |       |       |    34 |     1 ||    35
Invok: Elemental Force   |       |       |       |       |     1 |       |       ||     1
 Abil: Spit Poison       |    47 |    63 |   133 |   207 |   207 |    95 |     1 ||   753
       Evoke Blink       |       |       |       |     7 |    10 |    24 |    10 ||    51
       Evoke Flight      |       |       |       |       |       |     2 |       ||     2
Evoke: Wand              |       |       |     2 |     2 |     8 |     4 |     1 ||    17
       Deck              |       |       |       |     7 |       |       |       ||     7
       Fan of gales      |       |       |       |       |       |     1 |     1 ||     2
       Box of beasts     |       |       |       |       |       |     1 |     1 ||     2
  Use: Potion            |       |     2 |     3 |     7 |     6 |     2 |     2 ||    22
       Scroll            |       |     1 |     9 |    17 |     8 |    16 |     1 ||    52
 Stab: Confused          |       |     4 |     9 |    53 |   121 |   167 |       ||   354
       Paralysed         |       |     1 |     2 |     1 |       |       |       ||     4
       Petrifying        |       |     1 |     1 |     1 |       |       |       ||     3
       Invisible         |       |       |       |     8 |     6 |     5 |    20 ||    39
       Petrified         |       |       |       |     1 |       |       |       ||     1
       Fleeing           |       |       |       |       |     1 |       |       ||     1
  Eat: Chunk             |     3 |    18 |    26 |    38 |    44 |    54 |     8 ||   191
       Bread ration      |     1 |       |     1 |     1 |       |     1 |       ||     4
       Pizza             |       |       |       |     1 |     2 |       |       ||     3
       Meat ration       |       |       |       |     2 |     3 |     1 |     2 ||     8
       Beef jerky        |       |       |       |       |       |     2 |       ||     2
